 Dungeon Crawl Stone Soup version 0.23-a0-577-g2b1de94 (webtiles) character file.

2230 Geeful the Digger (level 9, -5/51 HPs)
             Began as an Octopode Earth Elementalist on Dec 14, 2018.
             Was an Initiate of Nemelex Xobeh.
             Slain by a shadow (30 damage)
             ... on level 7 of the Dungeon.
             The game lasted 00:33:07 (9052 turns).

Geeful the Digger (Octopode Earth Elementalist)     Turns: 9052, Time: 00:33:08

Health: -5/51      AC:  1    Str:  7    XL:     9   Next: 36%
Magic:  9/17       EV: 16    Int: 21    God:    Nemelex Xobeh [......]
Gold:   200        SH:  7    Dex: 12    Spells: 4/19 levels left

rFire    . . .     SeeInvis .   t - +1 dagger (venom)
rCold    . . .     Gourm    .   n - +2 buckler
rNeg     . . .     Faith    .   (helmet restricted)
rPois    .         Spirit   .   (no amulet)
rElec    .         Reflect  .   g - ring of wizardry
rCorr    .         Harm     .   x - +3 ring of slaying
MR       .....                  (no ring)
Stlth    ++++......             (no ring)
HPRegen  0.17/turn              (no ring)
MPRegen  0.15/turn              (no ring)
                                (no ring)
                                (no ring)

@: no status effects
A: almost no armour, stealthy swim, amphibious, 8 rings, constrict 8, camouflage
1, gelatinous body 1
a: Renounce Religion


You were on level 7 of the Dungeon.
You worshipped Nemelex Xobeh.
Nemelex Xobeh was noncommittal.
You were not hungry.

You visited 2 branches of the dungeon, and saw 8 of its levels.

You collected 431 gold pieces.
You spent 231 gold pieces at shops.

Inventory:

Hand Weapons
 d - a +1 short sword
 t - a +1 dagger of venom (weapon)
Missiles
 b - 81 stones (quivered)
 u - 4 curare-tipped needles
Armour
 n - a +2 buckler (worn)
Jewellery
 g - a ring of wizardry (left tentacle)
 x - a +3 ring of slaying (right tentacle)
Wands
 f - a wand of flame (6)
 o - a wand of iceblast (11)
Scrolls
 a - a scroll of amnesia
 h - 4 scrolls of remove curse
 i - 2 scrolls of enchant armour
 l - a scroll of enchant weapon
 s - a scroll of magic mapping
Potions
 e - a potion of agility
 j - a potion of brilliance
 k - 3 potions of haste
 m - 2 potions of curing
 p - 3 potions of lignification
 q - 4 potions of flight {unknown}
 r - a potion of might {unknown}
Miscellaneous
 v - a plain deck of escape
Comestibles
 c - 9 rations
 w - 4 chunks of flesh


   Skills:
 + Level 6.4 Dodging
 - Level 5.3 Stealth
 - Level 4.0 Shields
 + Level 5.9 Spellcasting
 - Level 1.0 Transmutations
 + Level 6.7 Earth Magic
 + Level 2.4 Invocations


You had 4 spell levels left.
You knew the following spells:

 Your Spells              Type           Power        Failure   Level  Hunger
a - Sandblast             Erth           ####..       1%          1    None
b - Passwall              Tmut/Erth      ###.....     1%          2    None
c - Stone Arrow           Conj/Erth      ###...       3%          3    ##.....
d - Petrify               Tmut/Erth      ###.....     9%          4    ####...
e - Lee's Rapid Deconstr  Erth           ####......   7%          5    #####..

Your spell library contained the following spells:

 Spells                   Type           Power        Failure   Level  Hunger


Dungeon Overview and Level Annotations

Branches:
Dungeon (7/15)             Temple (1/1) D:6

Altars:
Ashenzari
Nemelex Xobeh
Okawaru
Trog
Uskayaw
Vehumet
Zin

Shops:
D:4 [

Annotations:
D:5 5 runed doors nice gear


Innate Abilities, Weirdness & Mutations

You cannot wear most types of armour.
You are very stealthy in the water. (Stealth+)
You are amphibious.
You can wear up to eight rings at the same time.
You can use your tentacles to constrict eight enemies at once.
Your skin changes colour to match your surroundings (Stealth+).
Your rubbery body absorbs attacks. (AC +1, EV +1)


Message History

The shadow slips into darkness.
The shadow flickers and vanishes!
Deactivating autopickup; reactivate with Ctrl-A.
You miss something.
The shadow strikes at you from the darkness!
Ouch! That really hurt!
Reactivating autopickup.
Casting: Petrify (safe; 9% risk of failure)
Confirm with . or Enter, or press ? or * to list all spells.
Aiming: Petrify (safe; 9% risk of failure)
Press: ? - help, Shift-Dir - straight line, f/p - shadow
Aim: a shadow (chance to defeat MR: 34%)
The shadow easily resists.
The shadow slips into darkness.
The shadow flickers and vanishes!
Deactivating autopickup; reactivate with Ctrl-A.
The shadow strikes at you from the darkness!
Ouch! That really hurt!
You die...
Your body disappears without a glow.

#.#..
#.#####.##
#.##. #.....##
#.# #. ###'###
#.##..##..##
#.#..##..##
#.#.##..##
#.#.#..##
#.#.#.## #
#.#.@.# .)#
#...#.#####..#
#รท..#.......#
#.#.##.....##
...#..##...##
###.#...##.##
#...#..###
###.##... #..
..##


There were no monsters in sight!

Vanquished Creatures
  An orc warrior (D:6)
  2 sky beasts (D:6)
  A black bear (D:7)
  A phantom (D:7)
  An ice beast (D:6)
  2 centaurs
  An ogre (D:5)
  Blork the orc (D:5)
  A big kobold (D:7)
  2 wyvern skeletons
  2 scorpions (D:5)
  4 crimson imps
  3 hounds
  An orc priest (D:7)
  A bullfrog skeleton (D:3)
  6 orc wizards
  2 iguanas
  Natasha (thrice) (D:2)
  Terence (D:2)
  11 worker ants
  10 adders
  3 shadow imps
  3 oozes
  An adder skeleton (D:6)
  An adder zombie (D:6)
  2 worms
  3 dart slugs
  4 leopard geckos
  15 orcs
  3 ball pythons
  6 giant cockroaches
  7 goblins
  6 hobgoblins
  4 jackals
  8 kobolds
  2 quokkas (D:5)
  6 bats
  7 frilled lizards
  A leopard gecko skeleton (D:6)
  A quokka skeleton (D:6)
  10 rats
150 creatures vanquished.

Notes
Turn   | Place    | Note
-------+----------+-------------------------------------------
     0 | D:1      | Geeful the Octopode Earth Elementalist began the quest for
                  | the Orb.
     0 | D:1      | Reached XP level 1. HP: 11/11 MP: 3/3
    69 | D:1      | Reached XP level 2. HP: 15/17 MP: 5/5
   763 | D:1      | Reached XP level 3. HP: 17/21 MP: 6/6
   990 | D:1      | Learned a level 2 spell: Passwall
   994 | D:1      | Learned a level 3 spell: Stone Arrow
  1114 | D:2      | Noticed Terence
  1124 | D:2      | Killed Terence
  1126 | D:2      | Reached XP level 4. HP: 10/27 MP: 0/7
  1375 | D:2      | Found a faded altar of an unknown god.
  1627 | D:2      | Noticed Natasha
  1649 | D:2      | Killed Natasha
  1649 | D:2      | Reached XP level 5. HP: 19/31 MP: 6/9
  1936 | D:2      | Found a shattered altar of Ashenzari.
  2000 | D:2      | Noticed Natasha
  2016 | D:2      | Killed Natasha
  2464 | D:2      | Noticed Natasha
  2477 | D:2      | Killed Natasha
  2667 | D:3      | Found an iron altar of Okawaru.
  2735 | D:3      | Reached XP level 6. HP: 28/36 MP: 6/10
  2978 | D:3      | Reached skill level 5 in Stealth
  3090 | D:3      | Found a glowing silver altar of Zin.
  3307 | D:3      | You fall through a shaft!
  3370 | D:4      | Found Ykedd's Armour Shoppe.
  3509 | D:4      | Found a radiant altar of Vehumet.
  4032 | D:3      | Found a hide-covered altar of Uskayaw.
  4170 | D:4      | Found a bloodstained altar of Trog.
  4303 | D:5      | Entered Level 5 of the Dungeon
  4338 | D:4      | Bought a +2 buckler for 231 gold pieces
  4400 | D:5      | Reached skill level 1 in Shields
  4656 | D:5      | Reached XP level 7. HP: 18/41 MP: 7/12
  5255 | D:5      | Learned a level 4 spell: Petrify
  5644 | D:5      | Noticed Blork the orc
  6104 | D:5      | Noticed a soldier ant
  6310 | D:5      | Reached XP level 8. HP: 46/46 MP: 9/14
  6385 | D:5      | Found a runed gate.
  6386 | D:5      | Found a runed door.
  6393 | D:5      | Found the +9 staff of Olgreb {rPois}
  6402 | D:5      | Reached skill level 5 in Earth Magic
  6435 | D:5      | Found a runed gate.
  6436 | D:5      | Found a runed door.
  6462 | D:5      | Found a runed gate.
  6478 | D:5      | Killed Blork the orc
  7166 | D:6      | Reached skill level 5 in Dodging
  7568 | D:6      | Reached skill level 5 in Spellcasting
  7632 | D:6      | Learned a level 5 spell: Lee's Rapid Deconstruction
  8133 | D:6      | Found a staircase to the Ecumenical Temple.
  8179 | Temple   | Entered the Ecumenical Temple
  8204 | Temple   | Became a worshipper of Nemelex Xobeh the Trickster
  8234 | D:6      | Received a gift from Nemelex Xobeh
  8309 | D:6      | Reached XP level 9. HP: 51/51 MP: 17/17
  8328 | D:6      | Reached skill level 1 in Invocations
  9052 | D:7      | Slain by a shadow

Vault maps used:
D:1:      minmay_arrival_five_plusses, chequers_serial_rivers_room_a,
          minmay_misc_feat_chi
D:2:      lemuel_crystal_altar, chequers_ecumenical_altar_twisty, first_ration,
          uniq_natasha, uniq_terence
D:3:      nicolae_overflow_hidden_temple, overflow_temple_1_default,
          zin_academy, hex_intersection
D:4:      fiery_altar_vehumet, lightli_temple_of_fire, serial_shops, shop
D:5:      minmay_guarded_unrand_staff_of_olgreb, uniq_blork_the_orc
D:6:      minmay_temple_entry_grid, nicolae_zen_rock_garden,
          chequers_serial_rivers_room_b, skrybe_limestone_x, st_stairs_1,
          kennysheep_generic_room_14
D:7:      minmay_the_grid_octo_2x2, lemuel_coloured_pillars_altar,
          ebering_ghost_rock_garden
Temple:   minmay_temple_curvy_branch

Skill      XL: |  1  2  3  4  5  6  7  8  9 |
---------------+----------------------------+-----
Stealth        | 3 4 5 |  5.3
Dodging        | 3 4 5 6 |  6.4
Spellcasting   | 3 4 5 |  5.9
Earth Magic    | 4 6 |  6.7
Shields        | 2 4 |  4.0
Invocations    | 2 |  2.4
Transmutations | |  1.0

Action                   |  1- 3 |  4- 6 |  7- 9 || total
-------------------------+-------+-------+-------++-------
Melee: Short sword       |    45 |   102 |    66 ||   213
       Constrict         |    12 |    27 |    36 ||    75
       Tentacles         |     2 |    15 |    38 ||    55
       Dagger            |       |       |   124 ||   124
 Cast: Sandblast         |     6 |    43 |    32 ||    81
       Petrify           |       |       |     8 ||     8
       Lee's Rapid Decon |       |       |     1 ||     1
       Stone Arrow       |       |       |     1 ||     1
Evoke: Wand              |       |       |     3 ||     3
  Use: Scroll            |     5 |     5 |     3 ||    13
       Potion            |     3 |       |     2 ||     5
 Stab: Sleeping          |     8 |    19 |    16 ||    43
       Petrified         |       |       |     9 ||     9
       Distracted        |       |       |     2 ||     2
  Eat: Chunk             |     1 |     4 |    15 ||    20
       Ration            |       |     2 |       ||     2
Armor: Skin              |     4 |     4 |     7 ||    15
Dodge: Dodged            |    37 |    84 |    78 ||   199
Block: Buckler           |       |       |    41 ||    41

Table legend:
 A = Non-vault XP
 B = Vault XP
 C = Vault XP percentage of total XP
 D = Non-vault monster count
 E = Vault monster count
 F = Vault count percentage of total count
                 A         B        C        D         E       F
            +---------+---------+-------+---------+---------+-------
      Total |    2606 |     580 |  18.2 |     139 |      11 |   7.3
            +---------+---------+-------+---------+---------+-------
        D:1 |      35 |       0 |   0.0 |      19 |       0 |   0.0
        D:2 |     173 |      72 |  29.4 |      30 |       2 |   6.2
        D:3 |     111 |       0 |   0.0 |      20 |       0 |   0.0
        D:4 |     129 |       0 |   0.0 |      10 |       0 |   0.0
        D:5 |     770 |     100 |  11.5 |      22 |       1 |   4.3
        D:6 |     964 |     136 |  12.4 |      27 |       3 |  10.0
        D:7 |     424 |     272 |  39.1 |      11 |       5 |  31.2
            +---------+---------+-------+---------+---------+-------
